 Dungeon Crawl Stone Soup version 0.26-a0-962-g9b92081034 (webtiles) character file.

Game seed: 16144197488180856810

169 KristoblXynda the Slasher (level 5, -7/38 HPs)
             Began as a Vampire Gladiator on Dec 2, 2020.
             Was an Initiate of Ashenzari.
             Killed by divine providence
             ... invoked by an orc priest
              (12 damage)
             ... on level 3 of the Dungeon.
             The game lasted 00:02:24 (1552 turns).

KristoblXynda the Slasher (Vampire Gladiator)       Turns: 1552, Time: 00:02:25

Health: -7/38      AC:  4    Str: 14    XL:     5   Next: 25%
Magic:  5/5        EV: 14    Int: 11    God:    Ashenzari [......]
Gold:   86         SH:  0    Dex: 15    Spells: 4/4 levels left

rFire    . . .     SeeInvis +   a - +0 long sword
rCold    . . .     Faith    .   (no shield)
rNeg     . . .     Spirit   .   b - +0 leather armour
rPois    .         Reflect  .   c - +0 helmet
rElec    .         Harm     .   (no cloak)
rCorr    .         Rampage  .   (no gloves)
MR       .....                  (no boots)
Stlth    ++........             (no amulet)
HPRegen  0.32/turn              (no ring)
MPRegen  0.09/turn              (no ring)

@: regenerating quickly
A: fangs 3, see invisible, unbreathing
a: Exsanguinate, Curse Item, Renounce Religion


You were on level 3 of the Dungeon.
You worshipped Ashenzari.
Ashenzari was noncommittal.
You visited 1 branch of the dungeon, and saw 3 of its levels.

You collected 86 gold pieces.

Inventory:

Hand Weapons
 a - a +0 long sword (weapon)
Missiles
 d - 2 throwing nets (quivered)
Armour
 b - a +0 leather armour (worn)
 c - a +0 helmet (worn)
Scrolls
 e - 2 scrolls of enchant armour {unknown}
 g - a scroll of enchant weapon {unknown}
Potions
 f - a potion of mutation {unknown}


   Skills:
 - Level 2.2 Fighting
 * Level 4.4 Long Blades
 - Level 1.5 Throwing
 + Level 4.3 Dodging
 + Level 3.7 Stealth


You had 4 spell levels left.
You didn't know any spells.
Your spell library was empty.

Dungeon Overview and Level Annotations

Branches:
Dungeon (3/15)

Altars:
Ashenzari
The Shining One


Innate Abilities, Weirdness & Mutations

Your natural rate of healing is unusually fast.
You have razor-sharp teeth.
You have supernaturally acute eyesight. (SInv)
You can survive without breathing.


Message History

The leopard gecko misses you.
Unknown command.
You barely miss the leopard gecko.
The leopard gecko is almost dead.
The orc priest calls down the wrath of Beogh upon you.
Pain shoots through your body!
* * * LOW HITPOINT WARNING * * *
The leopard gecko misses you.
You riposte.
You hit the leopard gecko but do no damage.
The leopard gecko is almost dead.
Throw: 3 throwing nets
Press: ? - help, Q - select action Shift-Dir - straight line, f - orc priest
Aim: an orc priest, wielding a +0 mace and wearing a +0 chain mail (severely wounded)
You throw a throwing net. The throwing net hits the orc priest.
The orc priest is caught in the net!
The orc priest is severely wounded.
The leopard gecko bites you but does no damage.
The orc priest invokes the aid of Beogh against you.
Beogh smites you!
You die...

.....oo.######
........F....#
......F..###)#
.........###o#
.........#.o.#
.........#.###
###+####.#.######
#.#..)o..#
#.#####@.####.#.#
#.# #l.........
#.# #..#######.
#.# #..# .
#.#####..#....
#.##...........
#.##.###.#.....
#........##...#
#.....#..# #.##


You could see an orc priest (caught) and a leopard gecko.

Vanquished Creatures
  A bullfrog (D:2)
  A hound (D:2)
  A hound skeleton (D:2)
  A worm (D:2)
  A dart slug (D:2)
  2 leopard geckos
  3 orcs
  4 giant cockroaches (D:1)
  4 goblins
  9 hobgoblins
  2 quokkas (D:2)
  4 bats
  2 frilled lizards
  4 kobolds
  9 rats
48 creatures vanquished.

Vanquished Creatures (others)
  8 plants (D:1)
8 creatures vanquished.

Grand Total: 56 creatures vanquished

Notes
Turn   | Place    | Note
-------+----------+-------------------------------------------
     0 | D:1      | KristoblXynda the Vampire Gladiator began the quest for the
                  | Orb.
     0 | D:1      | Reached XP level 1. HP: 16/16 MP: 1/1
   106 | D:1      | Reached skill level 1 in Stealth
   197 | D:1      | Reached XP level 2. HP: 19/22 MP: 2/2
   797 | D:2      | Reached XP level 3. HP: 25/27 MP: 3/3
   825 | D:2      | Reached XP level 4. HP: 23/33 MP: 4/4
   928 | D:2      | Found a broken altar of Ashenzari.
   939 | D:2      | Became a worshipper of Ashenzari the Shackled
   983 | D:2      | Found a faded altar of an unknown god.
  1223 | D:2      | Found a glowing golden altar of the Shining One.
  1317 | D:3      | Noticed a bullfrog
  1339 | D:2      | Killed a bullfrog
  1340 | D:2      | Reached XP level 5. HP: 17/38 MP: 5/5
  1552 | D:3      | Killed from afar by an orc priest

Illustrated notes

Levels and vault maps discovered:
D:1:      saegor_arrival_miasma, layout_loops_ring, serial_bayou,
          serial_bayou_pond_e, serial_bayou_lake_a, serial_bayou_shore_a,
          serial_bayou_pond_c
D:2:      layout_rooms, nicolae_overflow_crystal_walls,
          nicolae_tso_swordbearing_angel, chequers_ecumenical_altar_simple
D:3:      minmay_spotlight, layout_basic, minmay_misc_feat_enclosed

Skill      XL: |  1  2  3  4 |
---------------+-------------+-----
Stealth        | 1 2 3 |  3.7
Fighting       | 2 |  2.2
Dodging        | 4 |  4.3
Long Blades    | 4 |  4.4
Throwing       | |  1.5

Action                   |  1- 3 |  4- 6 || total
-------------------------+-------+-------++-------
Melee: Long sword        |    65 |    68 ||   133
       Bite              |     6 |     7 ||    13
Throw: Throwing net      |       |     1 ||     1
 Stab: Sleeping          |     6 |     1 ||     7
Armor: Leather armour    |    25 |    18 ||    43
Dodge: Dodged            |    51 |    59 ||   110
       Rpst.: Long sword |    16 |    19 ||    35

Table legend: (Time is in decaauts)
 A = Elapsed time spent in this place.
 B = Non-inter-level travel time spent in this place.
 C = Inter-level travel time spent in this place.
 D = Time resting spent in this place.
 E = Time spent auto-exploring this place.
 F = Levels seen in this place.
 G = Mean time per level.
                   A        B        C        D        E       F      G
               +--------+--------+--------+--------+--------+-----+--------+
         Total |   1636 |   1594 |     42 |    250 |    921 |   3 |  545.3 |
       Dungeon |   1636 |   1594 |     42 |    250 |    921 |   3 |  545.3 |
               +--------+--------+--------+--------+--------+-----+--------+

Top non-repeatable levels by time:
     D:1: 856 daAuts
     D:2: 696 daAuts
     D:3: 84 daAuts
